 Dungeon Crawl Stone Soup version 0.29-a0-22-gbf593b16ee (webtiles) character file.

Game seed: 16920460896051630038

719 bande the Covered (level 7, -4/44 HPs)
             Began as a Gargoyle Fighter on Jan 29, 2022.
             Slain by Sigmund (9 damage)
             ... on level 5 of the Dungeon.
             The game lasted 00:07:15 (6530 turns).

bande the Covered (Gargoyle Fighter)                Turns: 6530, Time: 00:07:15

Health: -4/44      AC: 14    Str: 20    XL:     7   Next: 70%
Magic:  7/7        EV:  7    Int:  8    God:
Gold:   148        SH:  4    Dex: 11    Spells: 6/6 levels left

rFire   . . .      SeeInvis .   a - +0 war axe (venom)
rCold   . . .      Faith    .   c - +0 buckler
rNeg    + . .      Spirit   .   q - +0 chain mail
rPois   ∞          Reflect  .   (no helmet)
rElec   +          Harm     .   (no cloak)
rCorr   .          Rampage  .   (no gloves)
Will    .....                   (no boots)
Stlth   ..........              (no amulet)
HPRegen 0.14/turn               h - +4 ring of slaying
MPRegen 0.10/turn               (no ring)

@: mighty
A: sickness immunity, AC +4, negative energy resistance 1, electricity
resistance, torment resistance 1, petrification resistance
a: no special abilities


You were on level 5 of the Dungeon.
You visited 1 branch of the dungeon, and saw 5 of its levels.

You collected 148 gold pieces.

Inventory:

Hand Weapons
 a - a +0 war axe of venom (weapon)
 i - a +0 flail
 n - a +0 war axe
 o - a +3 hand axe
Missiles
 j - 2 throwing nets (quivered)
Armour
 c - a +0 buckler (worn)
 q - a +0 chain mail (worn)
Jewellery
 h - a +4 ring of slaying (left hand)
Scrolls
 b - a scroll of teleportation
 m - a scroll of fear
Potions
 d - a potion of might
 e - a potion of brilliance {unknown}
 f - a potion of resistance
 g - a potion of flight {unknown}
 k - 2 potions of lignification {unknown}
 l - 2 potions of attraction {unknown}
 p - 2 potions of curing {unknown}
 r - a potion of berserk rage {unknown}


   Skills:
 + Level 4.9 Fighting
 + Level 5.4 Axes
 + Level 5.7 Armour
 + Level 4.1 Shields


You had 6 spell levels left.
You didn't know any spells.
Your spell library was empty.

Dungeon Overview and Level Annotations

Branches:
Dungeon (5/15)
 Temple: D:4-7

Altars:
Dithmenos
Makhleb
Zin

Annotations:
D:5 Sigmund


Innate Abilities, Weirdness & Mutations

You are immune to sickness and miasma.
Your stone body is resilient. (AC +4)
You are immune to poison.
You resist negative energy. (rN+)
You are resistant to electric shocks. (rElec)
You are resistant to unholy torment.
You are immune to petrification.


Message History

Deactivating autopickup; reactivate with Ctrl-A.
The puff of flame hits you.
Prince Ribbit croaks regally.
There is a stone staircase leading up here.
You feel very mighty all of a sudden.
You slash Prince Ribbit!
Prince Ribbit looks as sick as possible!
Prince Ribbit is moderately wounded.
Prince Ribbit hits you but does no damage.
You block Prince Ribbit's attack. Something hits you!
You slash Prince Ribbit!
Prince Ribbit looks as sick as possible!
Prince Ribbit is severely wounded.
Prince Ribbit hits you! x2
* * * LOW HITPOINT WARNING * * *
Something hits you but does no damage.
You hit Prince Ribbit.
Prince Ribbit looks as sick as possible!
Prince Ribbit is almost dead.
Prince Ribbit barely misses you. Prince Ribbit completely misses you.
You miss Prince Ribbit.
Prince Ribbit is almost dead.
Something hits you.
* * * LOW HITPOINT WARNING * * *
Prince Ribbit hits you but does no damage.
You block Prince Ribbit's attack.
You closely miss Prince Ribbit.
Prince Ribbit is almost dead.
You kill Prince Ribbit!
Something hits you but does no damage.
Your Shields skill increases to level 4!
Unknown command.
Found a mace.
Something hits you but does no damage.
You barely miss something. Something hits you.
* * * LOW HITPOINT WARNING * * *
You hit something. Something hits you but does no damage.
You miss something. You closely miss something.
Something hits you but does no damage.
You miss something. Something hits you!
You die...

... ..
$.#######.
.........
.........
#........
#........
#<......#
#@......#
.......{......#
..............+
..............#
..............#
.).####.......#
... #.......#
.. #.......+


There were no monsters in sight!

Vanquished Creatures
  Prince Ribbit (D:5)
  Duvessa (D:4)
  A scorpion (D:4)
  Dowan (D:4)
  An orc priest (D:3)
  A centaur skeleton (D:3)
  Jessica (D:3)
  3 orc wizards
  6 gnolls
  3 adders
  A dart slug (D:2)
  A worm (D:2)
  12 orcs
  7 endoplasms
  A giant cockroach (D:2)
  2 goblins
  5 hobgoblins
  A quokka (D:2)
  9 ball pythons
  5 bats
  6 frilled lizards
  4 kobolds
  4 rats
77 creatures vanquished.

Notes
Turn   | Place    | Note
-------+----------+-------------------------------------------
     0 | D:1      | bande the Gargoyle Fighter began the quest for the Orb.
     0 | D:1      | Reached XP level 1. HP: 14/14 MP: 1/1
   195 | D:1      | Found a faded altar of an unknown god.
   373 | D:1      | Reached XP level 2. HP: 19/19 MP: 2/2
  1074 | D:2      | Reached XP level 3. HP: 20/24 MP: 3/3
  1507 | D:2      | Reached XP level 4. HP: 5/29 MP: 4/4
  2940 | D:3      | Reached XP level 5. HP: 22/33 MP: 5/5
  4308 | D:3      | Found a faded altar of an unknown god.
  4308 | D:3      | Found a faded altar of an unknown god.
  4315 | D:3      | Found a glowing silver altar of Zin.
  4317 | D:3      | Found a burning altar of Makhleb.
  4319 | D:3      | Found a shadowy altar of Dithmenos.
  4368 | D:3      | Noticed Jessica
  4373 | D:3      | Killed Jessica
  4374 | D:3      | Reached XP level 6. HP: 29/38 MP: 6/6
  5080 | D:4      | Noticed Dowan
  5081 | D:4      | Noticed Duvessa
  5086 | D:4      | Reached skill level 5 in Armour
  5093 | D:4      | Killed Dowan
  5095 | D:4      | Killed Duvessa
  5096 | D:4      | Reached XP level 7. HP: 16/44 MP: 7/7
  5525 | D:4      | Reached skill level 5 in Axes
  6500 | D:5      | Entered Level 5 of the Dungeon
  6500 | D:5      | Noticed Prince Ribbit
  6500 | D:5      | Noticed Sigmund
  6524 | D:5      | Killed Prince Ribbit
  6530 | D:5      | Slain by Sigmund

Illustrated notes

Levels and vault maps discovered:
D:1:      dpeg_arrival_arbitrary_c, layout_basic, ebering_ecumenical_altar_webs
D:2:      layout_loops_ring
D:3:      layout_basic, chequers_temple_overflow_minitemple, st_stairs_12,
          uniq_jessica
D:4:      layout_layer_cave, uniq_duvessa
D:5:      layout_gridville, minmay_temple_entry_antechambers,
          gup_ossuary_entry_pyramid, uniq_edmund, uniq_prince_ribbit1,
          uniq_sigmund

Skill      XL: |  1  2  3  4  5  6  7 |
---------------+----------------------+-----
Axes           | 2 3 4 5 |  5.4
Fighting       | 4 |  4.9
Armour         | 4 5 |  5.7
Shields        | 4 |  4.1

Action                   |  1- 3 |  4- 6 |  7- 9 || total
-------------------------+-------+-------+-------++-------
Melee: War axe           |    74 |   104 |    17 ||   195
  Use: Scroll            |       |     7 |     1 ||     8
       Potion            |       |     1 |     1 ||     2
Armor: Scale mail        |    45 |    87 |     1 ||   133
       Chain mail        |       |       |    12 ||    12
Dodge: Dodged            |    33 |    53 |     3 ||    89
Block: Buckler           |    18 |    24 |     5 ||    47

Table legend: (Time is in decaauts)
 A = Elapsed time spent in this place.
 B = Non-inter-level travel time spent in this place.
 C = Inter-level travel time spent in this place.
 D = Time resting spent in this place.
 E = Time spent auto-exploring this place.
 F = Levels seen in this place.
 G = Mean time per level.
                   A        B        C        D        E       F      G
               +--------+--------+--------+--------+--------+-----+--------+
         Total |   6615 |   6599 |     16 |   2973 |   2770 |   5 | 1323.0 |
       Dungeon |   6615 |   6599 |     16 |   2973 |   2770 |   5 | 1323.0 |
               +--------+--------+--------+--------+--------+-----+--------+

Top non-repeatable levels by time:
     D:2: 2636 daAuts
     D:4: 1466 daAuts
     D:3: 1314 daAuts
     D:1: 1175 daAuts
     D:5: 23 daAuts
